 Dungeon Crawl Stone Soup version 0.15.0-18-g9076a4f (console) character file.

0 gw the Shooter (level 1, 0/16 HPs)
             Began as a Centaur Hunter on Sept 6, 2014.
             Slain by a bat zombie (1 damage)
             ... on Level 1 of the Dungeon.
             The game lasted 00:00:18 (196 turns).

gw the Shooter (Centaur Hunter)                      Turns: 196, Time: 00:00:18

HP   0/16        AC  4     Str 14      XL: 1   Next:  8%
MP   1/1         EV  9     Int 10      God:
Gold 0           SH  0     Dex  9      Spells:  0 memorised,  0 levels left

rFire  . . .     SeeInvis .     a - +0 short sword
rCold  . . .     Clarity  .     d - +0 leather armour
rNeg   . . .     rCorr    .     (no shield)
rPois  .         rRot     .     (no helmet)
rElec  .         Spirit   .     (no cloak)
SustAb .         Warding  .     (no gloves)
rMut   .         Stasis   .     (no barding)
Gourm  .                        (no amulet)
MR     .....                    (no ring)
                                (no ring)

@: very quick, not resistant to hostile enchantments, very unstealthy
A: hooves 3, deformed body, speed 2, tough skin 3
a: no special abilities


You were on level 1 of the Dungeon.
You were not hungry.

You visited 1 branch of the dungeon, and saw 1 of its levels.

Inventory:

Hand weapons
 a - a +0 short sword (weapon)
 b - a +1 shortbow
Missiles
 c - 19 arrows
Armour
 d - a +0 leather armour (worn)
Comestibles
 f - a bread ration


   Skills:
 + Level 1.0 Fighting
 * Level 5.3 Bows
 + Level 0.1 Armour
 - Level 1.3 Dodging
 - Level 0.5 Stealth


You couldn't memorise any spells.
You didn't know any spells.

Dungeon Overview and Level Annotations

Branches:
Dungeon (1/15)

Altars:


Innate Abilities, Weirdness & Mutations

You have hooves in place of feet.
Armour fits poorly on your strangely shaped body.
You cover ground very quickly.
You have extremely tough skin (AC +3).


Message History

MOVING TO (0,8)
The bat zombie hits you.
The bat zombie hits you but does no damage.
FLEEEEING!
MOVING TO (1,7)
The bat zombie hits you. The bat zombie barely misses you.
Unknown command.
Unknown command.
The bat zombie hits you but does no damage.
MOVING TO (1,6)
The bat zombie hits you but does no damage.
MOVING TO (1,5)
The bat zombie hits you but does no damage.
MOVING TO (1,4)
The bat zombie closely misses you.
Unknown command.
Unknown command.
MOVING TO (1,3)
The bat zombie hits you.
You die...

#7##+##7##8.8#
7~.....~7##'##
#7.......7##.#
#.........#8.#
#...~7~...##.#~#
+...787...''.87
#...~7~...##.#~#
#.......Z.#8.###
#7....(.c7##.#
7~.....~7 #+#
#7##+##7#


You could see a bat zombie.

Table legend:
 A = Turns spent in this place as a percentage of turns spent in the entire game.
 B = Non-inter-level travel turns spent in this place as a percentage of non-inter-level travel turns spent in the entire game.
 C = Inter-level travel turns spent in this place as a percentage of turns spent in this place.
 D = Turns resting spent in this place as a percentage of non-inter-level travel turns spent in this place.
 E = Turns spent auto-exploring this place as a percentage of non-inter-level travel turns spent in this place.
 F = Non-inter-level travel turns spent in this place divided by the number of levels of this place that you've seen.
                   A       B       C       D       E      F
               +-------+-------+-------+-------+-------+----------------------
         Total | 100.0 | 100.0 |   0.0 |   1.7 |   1.7 | 121.0
       Dungeon | 100.0 | 100.0 |   0.0 |   1.7 |   1.7 | 121.0
               +-------+-------+-------+-------+-------+----------------------

Table legend:
 A = Kills in this place as a percentage of kills in entire the game.
 B = Kills by you in this place as a percentage of kills by you in the entire game.
 C = Kills by friends in this place as a percentage of kills by friends in the entire game.
 D = Other kills in this place as a percentage of other kills in the entire game.
 E = Experience gained in this place as a percentage of experience gained in the entire game.
 F = Experience gained in this place divided by the number of levels of this place that you have seen.
                   A       B       C       D       E      F
               +-------+-------+-------+-------+-------+----------------------
         Total | 100.0 | 100.0 |  -nan |  -nan | 100.0 |   1.0
       Dungeon | 100.0 | 100.0 |  -nan |  -nan | 100.0 |   1.0
               +-------+-------+-------+-------+-------+----------------------

Vanquished Creatures
  A hobgoblin zombie (D:1)
1 creature vanquished.

Notes
Turn   | Place    | Note
--------------------------------------------------------------
     0 | D:1      | gw, the Centaur Hunter, began the quest for the Orb.
     0 | D:1      | Reached XP level 1. HP: 16/16 MP: 1/1
   196 | D:1      | Slain by a bat zombie

Action                   || total
-------------------------++-------
Melee: Short sword       ||     2
 Fire: Shortbow          ||     1

Vault maps used:
D:1:      saegor_arrival_fortress, st_stairs_1
